AoeStats
← Cassius Thundercock

Arena

504660140Analyzed
2v2 RM · 28d ago on Sep 6, 2026· 42m 20s· 4 players
Game mode
Random Map
Map size
Medium (4 player)
Population
200
Speed
Normal
Resources
Standard
Victory
Conquest
Starting age
Dark Age
Ending age
Imperial Age
RankedLock teamsTeams togetherTeam positionsShared explorationLock speedFull tech treeHidden civsTurbo modeCheats
Victory
Defeat
🇨🇦 Bohemians · Canada
779
+18
🇨🇦 Britons · Canada
696
+20
🇨🇳 Franks · China
866
-21
🇨🇳 Byzantines · China
760
-17
嗳在七元钱
5:43 Loom
9:59 Feudal Age
11:22 Wheelbarrow
14:47 Double-Bit Axe
18:31 Castle Age
19:36 Husbandry
20:47 Bow Saw
27:16 Scale Barding Armor
27:22 Forging
34:27 Imperial Age
33:35 Stone Mining
33:37 Gold Mining
35:09 Hand Cart
35:35 Conscription
34:54 Cavalier
39:17 Town Watch
39:12 Paladin
42:20 Iron Casting
zhang38882
12:16 Feudal Age
12:46 Double-Bit Axe
12:44 Horse Collar
16:29 Gold Mining
17:35 Stone Mining
22:52 Castle Age
21:44 Forging
22:56 Pikeman
23:02 Light Cavalry
23:47 Gold Mining
24:47 Heavy Plow
25:04 Bow Saw
25:50 Man-at-Arms
27:11 Treadmill Crane
35:28 Imperial Age
33:30 Fortified Wall
36:11 Squires
38:15 Iron Casting
38:13 Crop Rotation
41:11 Halberdier
Cassius Thundercock
8:07 Loom
10:01 Feudal Age
8:17 Loom
11:17 Wheelbarrow
10:27 Horse Collar
10:34 Double-Bit Axe
19:51 Castle Age
20:43 Bow Saw
20:50 Hand Cart
20:37 Heavy Plow
21:10 Pikeman
23:53 Chemistry
27:23 Forging
28:25 Squires
28:46 Fletching
30:05 Scale Mail Armor
35:58 Imperial Age
37:11 Iron Casting
36:32 Bodkin Arrow
38:08 Conscription
39:28 Halberdier
41:39 Bracer
41:57 Chain Mail Armor
41:57 Elite Hussite Wagon
FAFO
9:58 Feudal Age
10:46 Double-Bit Axe
10:43 Horse Collar
11:59 Wheelbarrow
18:36 Castle Age
17:57 Gold Mining
18:05 Stone Mining
19:36 Bow Saw
20:05 Hand Cart
20:33 Heavy Plow
25:27 Pikeman
26:24 Crossbowman
30:08 Padded Archer Armor
29:58 Fletching
34:24 Imperial Age
34:19 Squires
34:27 Squires
34:32 Arbalester
35:54 Gold Shaft Mining
35:50 Bodkin Arrow
36:22 Halberdier
38:29 Ballistics
39:10 Chemistry
38:45 Conscription
38:28 Warwolf
39:20 Bracer
39:36 Leather Archer Armor
39:22 Scale Mail Armor
39:33 Forging
Connection lost

Rejoining the realm…

Still unreachable

The connection could not be restored.

Session expired

The server has moved on; the page needs a fresh start.